 Dungeon Crawl Stone Soup version 0.32-a0-685-g93135e86f0 (webtiles) character file.

Game seed: 13989553357073453136

192 gimp the Changeling (level 5, -1/61 HPs)
             Began as a Merfolk Shapeshifter on Mar 13, 2024.
             Slain by a steam dragon (7 damage)
             ... on level 4 of the Dungeon.
             The game lasted 00:04:56 (2990 turns).

gimp the Changeling (Merfolk Shapeshifter)          Turns: 2990, Time: 00:04:56

Health: -1/61      AC: 22    Str: 14    XL:     5   Next: 71%
Magic:  5/5        EV:  2    Int: 10    God:
Gold:   176        SH:  0    Dex: 21    Spells: 4/4 levels left

rFire   . .          .
                       - Unarmed
rCold   . . .        (no shield)
rNeg    . . .        a - melded +0 animal skin
rPois   +            (helmet currently unavailable)
rElec   .            (cloak currently unavailable)
rCorr   .            (gloves currently unavailable)
SInv    .            (boots currently unavailable)
Will    .....        l - amulet of the acrobat
Stlth   ++           m - +6 ring of dexterity
HPRegen 0.30/turn    (no ring)
MPRegen 0.09/turn

%: acrobat
@: tree-form
A: stationary, stasis, torment immunity, boosted hp, (nimble swimmer 2),
(mertail)
a: no special abilities


You were on level 4 of the Dungeon.
You were a tree.
You visited 1 branch of the dungeon, and saw 4 of its levels.

You collected 176 gold pieces.

Inventory:

Armour
 a - a +0 animal skin (melded)
 s - a +0 cloak
Jewellery
 l - an amulet of the acrobat (around neck)
 m - a +6 ring of dexterity (left branch)
 t - an amulet of magic regeneration
Talismans
 c - a beast talisman (active)
 d - a flux talisman
Wands
 n - a wand of mindburst (3)
 o - a wand of paralysis (4)
Scrolls
 e - 3 scrolls of amnesia {unknown}
 f - 2 scrolls of teleportation {unknown}
 g - a scroll of blinking {unknown}
 h - a scroll of revelation {unknown}
 i - 4 scrolls of identify {unknown}
 j - 2 scrolls of immolation {unknown}
 k - a scroll of poison {unknown}
 p - a scroll of enchant weapon {unknown}
Potions
 q - a potion of invisibility {unknown}
 r - a potion of heal wounds


   Skills:
 + Level 3.0 Fighting
 + Level 4.4 Dodging
 + Level 4.4 Unarmed Combat
 + Level 5.1 Shapeshifting


You had 4 spell levels left.
You didn't know any spells.
Your spell library contained the following spells:

 Spells                   Type           Power      Damage    Failure   Level
 Frozen Ramparts          Ice            0%         1d1       75%         3
 Ozocubu's Armour         Ice            0%         N/A       75%         3
 Metabolic Englaciation   Hex/Ice        0%         N/A       100%        5


Dungeon Overview and Level Annotations

Branches:
Dungeon (4/15)
 Temple: D:4-7

Altars:

Annotations:
D:4 exclusion: steam dragon


Innate Abilities, Weirdness & Mutations

You are a tree.
Your roots penetrate the ground, keeping you stationary.
You cannot be teleported.
You are immune to unholy pain and torment.
Your maximum health is greatly increased.
Your equipment is partially melded.
((You are very nimble when in or above water. (Stealth+, EV+, Speed+++)))
((Your lower body shifts to a powerful aquatic tail in water.))


Message History

You closely miss the adder. The adder barely misses you.
You barely miss the adder. The adder bites you.
You are poisoned.
The adder poisons you!
You take 3 damage, and have 37/40 hp.
You completely miss the adder.
You feel sick. The adder bites you.
You are more poisoned.
The adder poisons you!
You take 2 damage, and have 35/40 hp.
You miss the adder.
You feel sick. The adder closely misses you.
You take 2 damage, and have 33/40 hp.
You hit the adder.
The adder is heavily wounded.
You feel sick. The adder completely misses you.
You take 1 damage, and have 32/40 hp.
You punch the adder!
You kill the adder!
You feel sick.
Your Fighting skill increases to level 3!
You take 1 damage, and have 31/41 hp.
No target in view!
No target in view!
You feel sick.
You take 1 damage, and have 30/41 hp.
A steam dragon is nearby!
A steam dragon is nearby!
You feel sick.
You feel sick.
You take 1 damage, and have 29/41 hp.
You feel sick.
You are no longer poisoned.
You take 1 damage, and have 28/41 hp.
You start resting.
HP restored.
Health restored: 41 The steam dragon hisses angrily.
The steam dragon breathes steam at you. The ball of steam misses you.
The steam dragon breathes steam at you. The ball of steam misses you.
No target in range!
The steam dragon bites you. The steam dragon barely misses you.
You take 6 damage, and have 35/41 hp.
You punch the steam dragon!
The steam dragon is moderately wounded.
The steam dragon closely misses you. The steam dragon claws you.
You take 2 damage, and have 33/41 hp.
You hit the steam dragon but do no damage.
The steam dragon is moderately wounded.
The steam dragon misses you. The steam dragon closely misses you.
You barely miss the steam dragon.
The steam dragon is moderately wounded.
The steam dragon bites you. The steam dragon claws you.
You take 8 damage, and have 25/41 hp.
You hit the steam dragon.
The steam dragon is heavily wounded.
The steam dragon breathes steam at you. The ball of steam hits you!!
* * * LOW HITPOINT WARNING * * *
You take 18 damage, and have 7/41 hp.
MASSIVE DAMAGE!!
You are too injured to fight recklessly!
A jelly comes into view.
The steam dragon completely misses you. The steam dragon misses you.
You hit the steam dragon.
The steam dragon is heavily wounded.
The steam dragon breathes steam at you. The ball of steam hits you.
* * * LOW HITPOINT WARNING * * *
You take 4 damage, and have 3/41 hp.
It was a potion of heal wounds.
You feel much better.
You are engulfed in a cloud of scalding steam.
* * * LOW HITPOINT WARNING * * *
The steam dragon closely misses you. The steam dragon claws you.
* * * LOW HITPOINT WARNING * * *
You regained 6 hp, and now have 9/41 hp.
The steam dragon completely misses you. The steam dragon barely misses you.
The jelly is engulfed in a cloud of scalding steam.
Your transformation has ended.
You turn into a tree.
Your +0 animal skin melds into your body.
Your roots penetrate the ground.
The steam dragon bites you but does no damage.
The steam dragon claws you but does no damage.
The jelly is engulfed in a cloud of scalding steam.
The jelly dies!
You now have 14/61 hp.
You completely miss the steam dragon.
The steam dragon is heavily wounded.
The steam dragon breathes steam at you. The ball of steam hits you!
* * * LOW HITPOINT WARNING * * *
You take 9 damage, and have 5/61 hp.
You barely miss the steam dragon.
The steam dragon is heavily wounded.
You are engulfed in a cloud of scalding steam.
You smack the steam dragon!
You punch the steam dragon.
The steam dragon is almost dead.
You are engulfed in a cloud of scalding steam.
The steam dragon bites you!
You die...

##.....#.#.#.#.#.###...
......#.#.#.#.#.# ###.
#.....#.#.#.#.#.# #.
#......#.[.#...## #.
#.....##...#...# #.
.#.###.#...#...# ####.
##.....#.#.#.## #....
#§.§.D.#.#.#.# #.#..
..J.#.§♣..#.#.#.# #.###
. #.§....#...#####....
#§....##...#....####
....#.###.#...#....####
...###.....#.#.......#.
### #......#.#.......#.
.....#.....#.#.......#.
.....#......###......#.
#.... #.....##
#......##


You could see a steam dragon (catching breath).

Vanquished Creatures
  A hound (D:4)
  3 gnolls (D:3)
  3 adders
  3 dart slugs
  5 ribbon worms
  10 orcs
  4 ball pythons
  8 endoplasms
  2 giant cockroaches (D:1)
  4 goblins
  6 hobgoblins
  5 jackals
  3 quokkas
  5 bats
  2 frilled lizards
  8 kobolds
  6 rats
78 creatures vanquished.

Vanquished Creatures (others)
  A jelly (D:4)
1 creature vanquished.

Grand Total: 79 creatures vanquished

Notes
Turn   | Place    | Note
-------+----------+-------------------------------------------
     0 | D:1      | gimp the Merfolk Shapeshifter began the quest for the Orb.
     0 | D:1      | Reached XP level 1. HP: 15/15 MP: 1/1
   157 | D:1      | Reached XP level 2. HP: 16/21 MP: 2/2
   807 | D:2      | Reached XP level 3. HP: 6/27 MP: 3/3
  1643 | D:3      | Reached XP level 4. HP: 33/33 MP: 4/4
  1913 | D:3      | Reached XP level 5. HP: 11/39 MP: 5/5
  2520 | D:4      | Noticed a steam dragon
  2587 | D:4      | Reached skill level 5 in Shapeshifting
  2990 | D:4      | Slain by a steam dragon

Illustrated notes

Levels and vault maps discovered:
D:1:      doesnt_arrival_eight_statues, layout_loops_ring
D:2:      layout_rooms, minmay_pentomino_w2
D:3:      layout_basic
D:4:      nicolae_BIG_FREAKIN_CUBE, layout_basic,
          mainiacjoe_overflow_catwalk_spiral, gammafunk_ghost_arena

Skill      XL: |  1  2  3  4  5 |
---------------+----------------+-----
Dodging        | 3 4 |  4.4
Fighting       | 2 3 |  3.0
Unarmed Combat | 4 |  4.4
Shapeshifting  | 5 |  5.1

Action                     |  1- 3 |  4- 6 || total
---------------------------+-------+-------++-------
  Melee: Unarmed           |   122 |   124 ||   246
         Punch             |     4 |     7 ||    11
  Evoke: Wand              |       |     2 ||     2
    Use: Potion            |       |     2 ||     2
   Stab: Sleeping          |     5 |     2 ||     7
 Armour: Animal skin       |    65 |    44 ||   109
         Skin              |       |     6 ||     6
  Dodge: Dodged            |   100 |    85 ||   185

Table legend: (Time is in decaauts)
 A = Elapsed time spent in this place.
 B = Non-inter-level travel time spent in this place.
 C = Inter-level travel time spent in this place.
 D = Time resting spent in this place.
 E = Time spent auto-exploring this place.
 F = Levels seen in this place.
 G = Mean time per level.
                   A        B        C        D        E       F      G
               +--------+--------+--------+--------+--------+-----+--------+
         Total |   2974 |   2865 |    109 |     42 |   2217 |   4 |  743.5 |
       Dungeon |   2974 |   2865 |    109 |     42 |   2217 |   4 |  743.5 |
               +--------+--------+--------+--------+--------+-----+--------+

Top non-repeatable levels by time:
     D:3: 922 daAuts
     D:1: 896 daAuts
     D:2: 731 daAuts
     D:4: 424 daAuts
